 Dungeon Crawl Stone Soup version 0.24.1-8-ga250c9d538 (webtiles) character file.

Game seed: 6849449946472074536, levelgen mode: deterministic

38112 Peloso the Carver (level 13, -9/104 HPs)
             Began as a Demonspawn Fighter on May 8, 2020.
             Was the Champion of Okawaru.
             Killed from afar by Frances (27 damage)
             ... with an iron shot
             ... on level 12 of the Dungeon.
             The game lasted 00:50:04 (15445 turns).

Peloso the Carver (Demonspawn Fighter)             Turns: 15445, Time: 00:50:04

Health: -9/104     AC: 24    Str: 26    XL:     13   Next: 62%
Magic:  10/15      EV:  8    Int: 10    God:    Okawaru [******]
Gold:   846        SH: 13    Dex: 13    Spells: 12/12 levels left

rFire    . . .     SeeInvis .   a - +1 scimitar (freeze)
rCold    + . .     Gourm    .   c - +0 shield
rNeg     . . .     Faith    .   F - +2 plate armour of the Monk {-Cast +Inv rC+ Str+2}
rPois    +         Spirit   .   (no helmet)
rElec    .         Reflect  .   C - +0 cloak
rCorr    .         Harm     .   o - +2 pair of gloves {Str+3}
MR       +....     NoCast   +   (no boots)
Stlth    ..........             (no amulet)
HPRegen  0.27/turn              A - ring of protection from magic
MPRegen  0.14/turn              t - ring of poison resistance

@: no status effects
A: claws 2, yellow scales 2, powered by death 1, spiny 2
a: Heroism, Finesse, Renounce Religion, Evoke Invisibility


You were on level 12 of the Dungeon.
You worshipped Okawaru.
Okawaru was exalted by your worship.
You were not hungry.

You visited 3 branches of the dungeon, and saw 17 of its levels.

You collected 846 gold pieces.

Inventory:

Hand Weapons
 a - a +1 scimitar of freezing (weapon)
 b - a +6 quick blade
Armour
 c - a +0 shield (worn)
 g - a +0 chain mail
 o - a +2 pair of gloves of strength (worn)
 u - a +0 plate armour
 C - a +0 cloak (worn)
 F - the +2 plate armour of the Monk (worn) {-Cast +Inv rC+ Str+2}
   (You found it on level 6 of the Dungeon)

   It affects your strength (+2).
   It protects you from cold.
   It lets you turn invisible.
   It prevents spellcasting.
Jewellery
 m - a +4 ring of intelligence {unknown}
 q - an uncursed ring of positive energy
 s - an uncursed ring of flight
 t - a ring of poison resistance (right hand)
 w - an uncursed ring of protection from cold
 A - a ring of protection from magic (left hand)
 B - an uncursed ring of protection from cold
Wands
 h - a wand of disintegration (5)
Scrolls
 e - 3 scrolls of blinking
 i - a scroll of amnesia
 j - 2 scrolls of remove curse
 l - 2 scrolls of identify
 p - 10 scrolls of teleportation
 x - a scroll of enchant weapon
 y - a scroll of fog
 D - a scroll of holy word {unknown}
 H - a scroll of enchant armour {unknown}
Potions
 d - 2 potions of might
 k - 2 potions of agility
 r - 4 potions of curing
 v - a potion of invisibility
 G - 2 potions of flight
Comestibles
 f - 31 rations


   Skills:
 + Level 10.4 Fighting
 + Level 13.3 Long Blades
 + Level 10.2 Armour
 + Level 3.1 Dodging
 + Level 1.0 Stealth
 + Level 10.5 Shields
 + Level 2.9 Invocations
 + Level 1.1 Evocations


You had 12 spell levels left.
You didn't know any spells.
Your spell library contained the following spells:

 Spells                   Type           Power        Failure   Level  Hunger
 Flame Tongue             Conj/Fire      #....        99%         1    ##.....
 Sandblast                Erth           #.....       99%         1    ##.....
 Passwall                 Tmut/Erth      #.......     100%        2    ###....
 Throw Flame              Conj/Fire      #.....       100%        2    ###....
 Conjure Flame            Conj/Fire      #.......     100%        3    ####...
 Inner Flame              Hex/Fire       #.......     100%        3    ####...
 Stone Arrow              Conj/Erth      #.....       100%        3    ####...
 Petrify                  Tmut/Erth      #.......     100%        4    #####..
 Sticky Flame             Conj/Fire      #.......     100%        4    #####..
 Bolt of Magma            Conj/Fire/Erth #.........   100%        5    ######.
 Fireball                 Conj/Fire      #.........   100%        5    ######.
 Iskenderun's Battlesphe  Conj/Chrm      #.......     100%        5    ######.
 Lee's Rapid Deconstruct  Erth           #.........   100%        5    ######.
 Venom Bolt               Conj/Pois      #.........   100%        5    ######.
 Iron Shot                Conj/Erth      #.........   100%        6    #######
 Orb of Destruction       Conj           #.........   100%        7    #######
 Spellforged Servitor     Conj/Summ      #.........   100%        7    #######


Dungeon Overview and Level Annotations

Branches:
Dungeon (12/15)            Temple (1/1) D:7            Lair (4/6) D:11
  Swamp (0/4) Lair:2       Spider (0/4) Lair:2
    Orc: D:9-12

Altars:
Ashenzari
Cheibriados
Elyvilon
Fedhas
Gozag
Hepliaklqana
Kikubaaqudgha
Makhleb
Nemelex Xobeh
Okawaru
Qazlal
Sif Muna
Trog
Uskayaw
Vehumet
Yredelemnul
Zin
The Shining One

Shops:
D:11 [

Annotations:
D:11 2 runed translucent doors, Snorg
D:12 Frances
Lair:4 Kirke


Innate Abilities, Weirdness & Mutations

You have very sharp fingernails.
You are mostly covered in yellow scales. (AC +3)
You regenerate a little health from kills.
You are mostly covered in sharp spines.


Message History

Frances screams a word of power!
The shard of ice hits you!! You partially resist.
* * * LOW HITPOINT WARNING * * *
Items here: ( )) †† a large rock; a +0 giant spiked club x2; an adder corpse a two-headed ogre corpse You see here a glowing rapier {god gift}.
Unknown command.
As you read the scroll of teleportation, it crumbles to dust.
You feel strangely unstable.
Your hands slow down.
Unknown command.
You see here a scroll of remove curse.
Frances hits you with a +0 dire flail.
* * * LOW HITPOINT WARNING * * *
Your surroundings seem slightly different.
You feel like a meek peon again.
Frances whispers indecipherable words.
The iron shot hits you!!
You die...

.... ...# #..#
#..# #..# ##..#
######...##
#...@.....##
#..######.@..##
##.....#
#...†..#
##..##.##
##4####.##
##)## #..#
###4## ##.#
#.4## #.##


You could see Frances.

Vanquished Creatures
  Nessos (Lair:4)
  A hydra (Lair:1)
  4 two-headed ogres
  A centaur warrior (D:6)
  4 death yaks
  Nergalle (Lair:2)
  Sonja (Lair:3)
  3 unseen horrors (D:11)
  An oklob plant (Lair:2)
  2 ugly things (D:11)
  A manticore (D:11)
  2 cyclopes (D:11)
  Joseph (D:8)
  A black mamba (Lair:2)
  5 spiny frogs
  2 gargoyles (D:11)
  A rime drake (Lair:3)
  4 komodo dragons
  4 trolls
  A jumping spider (Lair:2)
  12 dream sheep (Lair:4)
  8 hippogriffs
  A shadow (D:10)
  25 yaks
  The ghost of Doot the Magician, an amateur DEVM (D:6)
  A wyvern (Lair:1)
  8 hogs
  2 basilisks
  2 hungry ghosts
  A human (D:7)
  8 vampire mosquitoes
  9 water moccasins
  Duvessa (D:7)
  4 black bears
  11 porcupines
  An eye of draining (D:10)
  2 orc warriors
  3 ice beasts
  5 sky beasts
  A phantom (D:4)
  2 ogres
  4 centaurs
  6 crocodiles
  3 big kobolds
  20 bullfrogs
  A water moccasin zombie (D:9)
  A scorpion (Lair:4)
  Dowan (D:7)
  2 wyvern skeletons
  26 killer bees (D:11)
  5 wights (D:9)
  7 howler monkeys
  2 bullfrog zombies
  2 crimson imps
  A quasit (D:6)
  7 hounds
  2 jellies (D:10)
  4 centaur zombies
  4 orc priests
  4 centaur skeletons
  A bullfrog skeleton (D:11)
  3 iguanas
  Natasha (thrice) (D:3)
  6 orc wizards
  2 hell rats (D:11)
  7 worker ants
  A hound skeleton (D:8)
  2 worker ant zombies (D:9)
  9 adders
  A river rat (D:11)
  An ooze (D:1)
  2 adder skeletons
  A worm (D:4)
  3 dart slugs
  4 leopard geckos
  34 orcs
  15 bats
  7 giant cockroaches
  11 goblins
  11 hobgoblins
  5 jackals
  29 kobolds
  4 quokkas
  2 ball pythons
  5 frilled lizards
  A leopard gecko skeleton (D:4)
  16 rats
  A fungus (Lair:1)
  2 plants (Lair:1)
440 creatures vanquished.

Vanquished Creatures (others)
  A hog (Lair:4)
  A water moccasin (Lair:4)
  An orc (D:6)
  A bush (Lair:4)
  A fungus (Lair:4)
  3 plants
8 creatures vanquished.

Grand Total: 448 creatures vanquished

Notes
Turn   | Place    | Note
-------+----------+-------------------------------------------
     0 | D:1      | Peloso the Demonspawn Fighter began the quest for the Orb.
     0 | D:1      | Reached XP level 1. HP: 18/18 MP: 1/1
    13 | D:1      | Reached skill level 2 in Long Blades
   114 | D:1      | Gained mutation: You are partially covered in sharp spines.
                  | [demonic ancestry]
   114 | D:1      | Reached XP level 2. HP: 24/24 MP: 2/2
   263 | D:1      | Gained mutation: You regenerate a little health from kills.
                  | [demonic ancestry]
   263 | D:1      | Reached XP level 3. HP: 18/29 MP: 3/3
  1035 | D:2      | Reached XP level 4. HP: 28/35 MP: 4/4
  1047 | D:2      | Found a faded altar of an unknown god.
  1729 | D:3      | Reached skill level 3 in Long Blades
  1762 | D:3      | Reached XP level 5. HP: 11/41 MP: 5/5
  1979 | D:3      | Noticed Natasha
  1985 | D:3      | Killed Natasha
  2138 | D:3      | Noticed Natasha
  2146 | D:3      | Killed Natasha
  2347 | D:3      | Reached skill level 4 in Long Blades
  2465 | D:3      | Noticed Natasha
  2475 | D:3      | Killed Natasha
  2498 | D:3      | Found a glowing golden altar of the Shining One.
  2775 | D:3      | Gained mutation: You are mostly covered in sharp spines.
                  | [demonic ancestry]
  2775 | D:3      | Reached XP level 6. HP: 44/48 MP: 6/6
  3150 | D:4      | Gained mutation: You are partially covered in yellow
                  | scales. (AC +2) [demonic ancestry]
  3150 | D:4      | Reached XP level 7. HP: 42/54 MP: 7/7
  3271 | D:4      | Found a hazy altar of Hepliaklqana.
  3271 | D:4      | Found a faded altar of an unknown god.
  3276 | D:4      | Found a basalt altar of Yredelemnul.
  3278 | D:4      | Found an ancient bone altar of Kikubaaqudgha.
  3280 | D:4      | Found a glowing silver altar of Zin.
  3559 | D:5      | Entered Level 5 of the Dungeon
  3604 | D:5      | Reached skill level 5 in Long Blades
  3615 | D:5      | Reached skill level 1 in Dodging
  4408 | D:6      | Reached XP level 8. HP: 30/61 MP: 8/8
  4424 | D:6      | Reached skill level 6 in Long Blades
  4459 | D:6      | Found a white marble altar of Elyvilon.
  4493 | D:6      | Noticed a centaur warrior
  4493 | D:6      | Noticed Doot's ghost (amateur DEVM)
  4494 | D:6      | Found a runed translucent door.
  4812 | D:7      | Noticed Duvessa
  4812 | D:7      | Noticed Dowan
  4818 | D:7      | Killed Dowan
  4837 | D:7      | Killed Duvessa
  4837 | D:7      | Reached skill level 5 in Armour
  5079 | D:7      | Reached skill level 5 in Shields
  5091 | D:7      | Reached skill level 5 in Fighting
  5091 | D:7      | Reached skill level 7 in Long Blades
  5097 | D:7      | Gained mutation: You have sharp fingernails. [demonic
                  | ancestry]
  5097 | D:7      | Reached XP level 9. HP: 45/68 MP: 9/9
  5358 | D:7      | Found a staircase to the Ecumenical Temple.
  5365 | Temple   | Entered the Ecumenical Temple
  5439 | Temple   | Became a worshipper of Warmaster Okawaru
  5518 | D:8      | Noticed a two-headed ogre
  5757 | D:8      | HP: 3/69 [two-headed ogre/+0 giant club (7)]
  6345 | D:8      | Noticed a six-headed hydra
  6347 | D:8      | Noticed an entropy weaver
  6347 | D:8      | a six-headed hydra changed into an entropy weaver
  6349 | D:8      | Noticed a death yak
  6349 | D:8      | an entropy weaver changed into a death yak
  6703 | D:9      | Reached * piety under Okawaru
  6821 | D:9      | Reached skill level 8 in Long Blades
  6904 | D:9      | Found a stormy altar of Qazlal.
  6934 | D:9      | Reached ** piety under Okawaru
  7004 | D:9      | Gained mutation: You are mostly covered in yellow scales.
                  | (AC +3) [demonic ancestry]
  7004 | D:9      | Reached XP level 10. HP: 60/76 MP: 7/10
  7550 | D:10     | Entered Level 10 of the Dungeon
  7797 | D:10     | Reached *** piety under Okawaru
  7875 | D:10     | Noticed a two-headed ogre
  7882 | D:10     | Killed a two-headed ogre
  7882 | D:10     | Reached skill level 9 in Long Blades
  8989 | D:11     | Found a staircase to the Lair.
  8989 | D:11     | Noticed a death yak
  8990 | D:11     | Noticed a death yak
  9009 | D:11     | Killed a death yak
  9009 | D:11     | Reached **** piety under Okawaru
  9026 | D:11     | Killed a death yak
  9026 | D:11     | Reached XP level 11. HP: 29/85 MP: 11/11
  9031 | D:11     | Noticed Snorg
  9032 | D:11     | Noticed a death yak
  9120 | D:8      | Noticed Joseph
  9134 | D:8      | Killed Joseph
  9134 | D:8      | Reached skill level 10 in Long Blades
  9212 | D:8      | Killed a death yak
  9226 | D:8      | Killed a two-headed ogre
  9226 | D:8      | Reached skill level 1 in Invocations
  9544 | D:6      | Killed Doot's ghost
  9548 | D:6      | Killed a centaur warrior
  9548 | D:6      | Reached ***** piety under Okawaru
  9548 | D:6      | Reached skill level 1 in Stealth
  9552 | D:6      | Got a shimmering plate armour
  9566 | D:6      | Identified the +2 plate armour of the Monk {-Cast +Inv rC+
                  | Str+2} (You found it on level 6 of the Dungeon)
  9914 | D:11     | Found Petsyup's Antique Armour Boutique.
  9930 | D:11     | Killed a death yak
  9978 | D:11     | Found a runed translucent door.
  9978 | D:11     | Noticed an ice dragon
  9978 | D:11     | Noticed a fire dragon
  9979 | D:11     | Found the +2 shield of Resistance {rF+ rC+ MR+}
  9979 | D:11     | Noticed a fire dragon
  9979 | D:11     | Noticed an ice dragon
 10101 | D:11     | Killed an unseen horror
 10165 | D:11     | Reached skill level 11 in Long Blades
 10199 | D:11     | Noticed a two-headed ogre
 10199 | D:11     | Noticed a white ugly thing
 10201 | D:11     | Killed an unseen horror
 10201 | D:11     | Received a gift from Okawaru
 10611 | D:11     | Found a runed translucent door.
 10809 | D:11     | Reached XP level 12. HP: 89/94 MP: 13/13
 10966 | D:11     | Noticed a fire dragon
 10992 | D:11     | Killed a two-headed ogre
 11533 | Lair:1   | Entered Level 1 of the Lair of Beasts
 11597 | Lair:1   | Noticed a five-headed hydra
 11608 | Lair:1   | Killed a five-headed hydra
 11608 | Lair:1   | Received a gift from Okawaru
 11772 | Lair:1   | Reached skill level 1 in Evocations
 11859 | Lair:1   | You fall into a shaft and drop 1 floor!
 11872 | Lair:1   | Reached skill level 12 in Long Blades
 12286 | Lair:1   | Received a gift from Okawaru
 12299 | Lair:1   | Identified a scroll of acquirement
 12583 | Lair:2   | Found a staircase to the Swamp.
 12639 | Lair:2   | Reached ****** piety under Okawaru
 12888 | Lair:2   | Noticed Nergalle
 12900 | Lair:2   | Killed Nergalle
 12905 | Lair:2   | Found a hole to the Spider Nest.
 13363 | Lair:2   | Found a radiant altar of Vehumet.
 13500 | Lair:2   | Reached skill level 10 in Shields
 13773 | Lair:3   | Gained mutation: You have very sharp fingernails. [demonic
                  | ancestry]
 13773 | Lair:3   | Reached XP level 13. HP: 97/103 MP: 14/14
 13788 | Lair:3   | Received a gift from Okawaru
 14012 | Lair:3   | Noticed Sonja
 14024 | Lair:3   | Killed Sonja
 14024 | Lair:3   | Reached skill level 10 in Fighting
 14548 | Lair:4   | Reached skill level 10 in Armour
 14868 | Lair:4   | Noticed Nessos
 14888 | Lair:4   | Reached skill level 13 in Long Blades
 14903 | Lair:4   | Killed Nessos
 14904 | Lair:4   | Noticed Kirke
 15414 | D:12     | Noticed Frances
 15419 | D:12     | Received a gift from Okawaru
 15445 | D:12     | Killed from afar by Frances

Levels and vault maps discovered:
D:1:      mrwooster_arrival_statue_2, layout_basic
D:2:      layout_basic, chequers_ecumenical_altar_simple_redux,
          minmay_hexomino_u4
D:3:      layout_basic, tso_altar, first_ration, st_stairs_10, uniq_natasha
D:4:      layout_cave_pools, chequers_temple_overflow_minitemple
D:5:      layout_rooms, kennysheep_cross_bottleneck
D:6:      layout_loops_cross, ebering_ghost_inner_flame, elyvilon_altar_4
D:7:      layout_gridville, minmay_temple_entry_junction, roderic_filled_cross,
          grunt_livestock, uniq_duvessa
D:8:      layout_rooms, uniq_joseph
D:9:      layout_loops_ring, nicolae_qazlal_general_emergency,
          kennysheep_small_spiral
D:10:     layout_basic, hex_intersection, mrwooster_statue_mirror,
          minmay_misc_feat_doors
D:11:     regret_index_wax_grids, layout_basic, dpeg_lair_monsters,
          serial_shops, nicolae_shop_trees, minmay_guarded_unrand_resistance,
          uniq_snorg
D:12:     layout_layer_cave, orc_0_dummy, portal_ice_cave_demonic_guard,
          serial_shops, nicolae_shop_behind_doors, uniq_frances
Temple:   regret_index_temple_sphere_string
Lair:1:   layout_gridlike, hibernation_bobbens
Lair:2:   layout_cave_pods, minmay_swamp_entry_swarm, spider_nest_entry_rubble,
          lemuel_oklob_altar, grunt_megastairs_2, uniq_nergalle
Lair:3:   wander_river, layout_loops_ring, beast_lair_carwin_5,
          serial_bayou_shore_a, uniq_sonja
Lair:4:   layout_layer_cave, uniq_nessos, uniq_kirke

Skill      XL: |  1  2  3  4  5  6  7  8  9 10 11 12 13 |
---------------+----------------------------------------+-----
Long Blades    | 2 3 4 5 7 8 9 11 12 13 | 13.3
Armour         | 3 4 5 6 7 9 10 | 10.2
Shields        | 3 4 5 6 7 8 10 | 10.5
Fighting       | 4 5 6 7 8 9 10 | 10.4
Dodging        | 1 2 3 |  3.1
Invocations    | 1 2 |  2.9
Stealth        | 1 |  1.0
Evocations     | 1 |  1.1

Action                   |  1- 3 |  4- 6 |  7- 9 | 10-12 | 13-15 || total
-------------------------+-------+-------+-------+-------+-------++-------
Melee: Long sword        |   113 |   163 |   237 |       |       ||   513
       Scimitar          |       |       |    72 |   673 |   248 ||   993
Invok: Heroism           |       |       |     1 |    18 |     2 ||    21
       Finesse           |       |       |       |     1 |     1 ||     2
Evoke: Wand              |       |       |     4 |    11 |     2 ||    17
  Use: Potion            |     2 |     2 |     4 |     1 |       ||     9
       Scroll            |       |       |    10 |    10 |     7 ||    27
  Eat: Chunk             |       |     8 |     9 |    16 |     8 ||    41
       Ration            |       |       |     1 |     2 |       ||     3
Armor: Scale mail        |    19 |       |       |       |       ||    19
       Chain mail        |    53 |   101 |   140 |    48 |       ||   342
       Plate armour      |       |       |       |   287 |   120 ||   407
Dodge: Dodged            |    26 |    27 |    83 |   140 |    63 ||   339
Block: Shield            |    78 |    85 |   162 |   417 |   157 ||   899
       Rpst.: Long sword |     8 |     6 |    19 |       |       ||    33
       Scimitar          |       |       |     6 |    32 |     9 ||    47
